TOP OF THE 1ST |
Vancouver Canadians batting - Pitching for Los Angeles (NYP) Angels : RHP Jon Trujillo
|
Pitching: RHP Jon Trujillo
|
|
Batting: RHB Kennet Strijbis
|
0-0: Foul Ball, location: 2F 0-1: Ball 1-1: Swinging Strike 1-2: Ball 2-2: Foul Ball, location: 2F 2-2: SINGLE (Line Drive, 6M, EV 95.0 MPH)
|
Batting: RHB Carlos Renteria
|
0-0: Called Strike Kennet Strijbis steals 2nd base (no throw) 0-1: Called Strike Kennet Strijbis steals 3rd base 0-2: Ball 1-2: Fly out, F9 (Line Drive, 9, EV 88.8 MPH) Runner from 3rd tags up, SCORES, throw by RF
|
Batting: RHB Nikita Schram
|
0-0: Hit by Pitch
|
Batting: LHB Devin Huber
|
0-0: Called Strike Nikita Schram is caught stealing 2nd base 2-6 0-1: Called Strike 0-2: Ball 1-2: Strikes out swinging
|
Top of the 1st over - 1 run, 1 hit, 0 errors, 0 left on base; Vancouver 1 - Los Angeles (NYP) 0 |
BOTTOM OF THE 1ST |
Los Angeles (NYP) Angels batting - Pitching for Vancouver Canadians : RHP John York
|
Pitching: RHP John York
|
|
Batting: RHB Nick Lombardo
|
0-0: Ball 1-0: SINGLE (Groundball, 6MD, EV 101.2 MPH)
|
Batting: RHB Ricky Mejicanos
|
0-0: Called Strike Nick Lombardo steals 2nd base (no throw) 0-1: Swinging Strike 0-2: Ball 1-2: Ball 2-2: Foul Ball, location: 2F 2-2: Foul Ball, location: 2F 2-2: Strikes out looking
|
Batting: LHB Dave Hicks
|
0-0: Ball 1-0: Ball 2-0: Foul Ball, location: 2F 2-1: Foul Ball, location: 2F 2-2: Strikes out swinging
|
Batting: LHB Mutsuo IIda
|
0-0: Foul Ball, location: 2F 0-1: Swinging Strike 0-2: Strikes out swinging
|
Bottom of the 1st over - 0 runs, 1 hit, 0 errors, 1 left on base; Vancouver 1 - Los Angeles (NYP) 0 |
TOP OF THE 2ND |
Vancouver Canadians batting - Pitching for Los Angeles (NYP) Angels : RHP Jon Trujillo
|
Batting: RHB Elliot Manfredini
|
0-0: Foul Ball, location: 2F 0-1: Fly out, F8 (Flyball, 8RM, EV 81.9 MPH)
|
Batting: SHB Scott Robbins
|
0-0: Ball 1-0: Ground out 4-3 (Groundball, 4, EV 84.4 MPH)
|
Batting: RHB Ricky Carbajal
|
0-0: Ball 1-0: Ball 2-0: Foul Ball, location: 2F 2-1: Fly out, F9 (Flyball, 89M, EV 99.4 MPH)
|
Top of the 2nd over - 0 runs, 0 hits, 0 errors, 0 left on base; Vancouver 1 - Los Angeles (NYP) 0 |
BOTTOM OF THE 2ND |
Los Angeles (NYP) Angels batting - Pitching for Vancouver Canadians : RHP John York
|
Batting: RHB T.J. Gray
|
0-0: Ball 1-0: Ground out 6-3 (Groundball, 6, EV 101.2 MPH)
|
Batting: RHB Dean LeCroy
|
0-0: Foul Ball, location: 2F 0-1: Fly out, F8 (Flyball, 8RD, EV 87.5 MPH)
|
Batting: SHB Tim Connell
|
0-0: Fly out, F9 (Line Drive, 89M, EV 92.5 MPH)
|
Bottom of the 2nd over - 0 runs, 0 hits, 0 errors, 0 left on base; Vancouver 1 - Los Angeles (NYP) 0 |
TOP OF THE 3RD |
Vancouver Canadians batting - Pitching for Los Angeles (NYP) Angels : RHP Jon Trujillo
|
Batting: RHB Dan Hilyer
|
0-0: Ball 1-0: Swinging Strike 1-1: Ball 2-1: Ball 3-1: Bunt missed! 3-2: Foul Ball, location: 2F 3-2: DOUBLE (Line Drive, 7LS, EV 103.1 MPH)
|
Batting: RHB Luis Vargas
|
0-0: Called Strike 0-1: Ball Dan Hilyer steals 3rd base 1-1: Ball 2-1: Called Strike 2-2: Ball 3-2: Base on Balls
|
Batting: RHB Kennet Strijbis
|
0-0: Ball Wild Pitch! Dan Hilyer scores Luis Vargas to second 1-0: Ball 2-0: Fly out, F7 (Line Drive, 78S, EV 89.4 MPH)
|
Batting: RHB Carlos Renteria
|
0-0: Ball 1-0: Ground out 4-3 (Groundball, 4S, EV 90.6 MPH) Luis Vargas to third
|
Batting: RHB Nikita Schram
|
0-0: Called Strike 0-1: Ball 1-1: Ground out 5-3 (Groundball, 56S, EV 89.4 MPH)
|
Top of the 3rd over - 1 run, 1 hit, 0 errors, 1 left on base; Vancouver 2 - Los Angeles (NYP) 0 |
BOTTOM OF THE 3RD |
Los Angeles (NYP) Angels batting - Pitching for Vancouver Canadians : RHP John York
|
Batting: RHB Khalil Thurston
|
0-0: Ball 1-0: Ball 2-0: Foul Ball, location: 2F 2-1: Ground out 6-3 (Groundball, 56, EV 101.9 MPH)
|
Batting: LHB Edgar van der Meeren
|
0-0: Ball 1-0: Swinging Strike 1-1: Ground out 4-3 (Groundball, 4, EV 91.9 MPH)
|
Batting: RHB Nick Lombardo
|
0-0: Fly out, F8 (Flyball, 8RD, EV 99.4 MPH)
|
Bottom of the 3rd over - 0 runs, 0 hits, 0 errors, 0 left on base; Vancouver 2 - Los Angeles (NYP) 0 |
TOP OF THE 4TH |
Vancouver Canadians batting - Pitching for Los Angeles (NYP) Angels : RHP Jon Trujillo
|
Batting: LHB Devin Huber
|
0-0: Foul Ball, location: 2F 0-1: Ball 1-1: Ball 2-1: Foul Ball, location: 2F 2-2: Fly out, F7 (Flyball, 7S, EV 86.2 MPH)
|
Batting: RHB Elliot Manfredini
|
0-0: Called Strike 0-1: Ball 1-1: Ball 2-1: Ball 3-1: Base on Balls
|
Batting: SHB Scott Robbins
|
0-0: Called Strike 0-1: Ball Elliot Manfredini steals 2nd base 1-1: Swinging Strike 1-2: Strikes out looking
|
Batting: RHB Ricky Carbajal
|
0-0: Called Strike 0-1: Hit by Pitch
|
Batting: RHB Dan Hilyer
|
0-0: Swinging Strike 0-1: Foul Ball, location: 2F 0-2: Strikes out looking
|
Top of the 4th over - 0 runs, 0 hits, 0 errors, 2 left on base; Vancouver 2 - Los Angeles (NYP) 0 |
BOTTOM OF THE 4TH |
Los Angeles (NYP) Angels batting - Pitching for Vancouver Canadians : RHP John York
|
Batting: RHB Ricky Mejicanos
|
0-0: Ball 1-0: Ground out 6-3 (Groundball, 6, EV 105.0 MPH)
|
Batting: LHB Dave Hicks
|
0-0: Foul Ball, location: 2F 0-1: Foul Ball, location: 2F 0-2: Ball 1-2: Ball 2-2: Ball 3-2: Base on Balls
|
Batting: LHB Mutsuo IIda
|
0-0: Ball 1-0: Ball 2-0: Called Strike 2-1: SINGLE (Flyball, 9LS, EV 93.8 MPH) Dave Hicks to second Runner from 2nd tries for 3rd, SAFE, throw by RF made to third
|
Batting: RHB T.J. Gray
|
0-0: Called Strike 0-1: Ball 1-1: Called Strike 1-2: Ball Mutsuo IIda is caught stealing 2nd base 2-4 2-2: Ground out 4-3 (Groundball, 4M, EV 88.1 MPH)
|
Bottom of the 4th over - 0 runs, 1 hit, 0 errors, 1 left on base; Vancouver 2 - Los Angeles (NYP) 0 |
TOP OF THE 5TH |
Vancouver Canadians batting - Pitching for Los Angeles (NYP) Angels : RHP Jon Trujillo
|
Batting: RHB Luis Vargas
|
0-0: Swinging Strike 0-1: Ball 1-1: Called Strike 1-2: Fly out, F7 (Flyball, 7, EV 81.9 MPH)
|
Batting: RHB Kennet Strijbis
|
0-0: Called Strike 0-1: Called Strike 0-2: Ball 1-2: Foul Ball, location: 2F 1-2: SINGLE (Groundball, 56D, EV 103.8 MPH)
|
Batting: RHB Carlos Renteria
|
0-0: Ball 1-0: Ball Kennet Strijbis steals 2nd base Balk! Kennet Strijbis to third 2-0: Ground out 5-3 (Groundball, 25, EV 76.2 MPH)
|
Batting: RHB Nikita Schram
|
0-0: Foul Ball, location: 2F 0-1: Ball 1-1: Ball 2-1: Ball 3-1: Ground out 4-3 (Groundball, 4, EV 82.5 MPH)
|
Top of the 5th over - 0 runs, 1 hit, 0 errors, 1 left on base; Vancouver 2 - Los Angeles (NYP) 0 |
BOTTOM OF THE 5TH |
Los Angeles (NYP) Angels batting - Pitching for Vancouver Canadians : RHP John York
|
Batting: RHB Dean LeCroy
|
0-0: Ball 1-0: Foul Ball, location: 2F 1-1: Ball 2-1: Ball 3-1: Ground out 5-3 (Groundball, 56S, EV 88.8 MPH)
|
DELAY
|
Rain delay of 66 minutes in the 5th inning.
|
Batting: SHB Tim Connell
|
0-0: Ball 1-0: Ball 2-0: Fly out, F7 (Flyball, 7S, EV 85.6 MPH)
|
Batting: RHB Khalil Thurston
|
0-0: Called Strike 0-1: Swinging Strike 0-2: Foul Ball, location: 2F 0-2: Strikes out swinging
|
Bottom of the 5th over - 0 runs, 0 hits, 0 errors, 0 left on base; Vancouver 2 - Los Angeles (NYP) 0 |
TOP OF THE 6TH |
Vancouver Canadians batting - Pitching for Los Angeles (NYP) Angels : RHP Jon Trujillo
|
Pitching: RHP Tim Mumpower
|
|
Batting: LHB Devin Huber
|
0-0: Called Strike 0-1: Swinging Strike 0-2: Ball 1-2: Foul Ball, location: 2F 1-2: Strikes out swinging
|
Batting: RHB Elliot Manfredini
|
0-0: Called Strike 0-1: Foul Ball, location: 2F 0-2: Ball 1-2: Foul Ball, location: 2F 1-2: Fly out, F8 (Line Drive, 89M, EV 85.0 MPH)
|
Batting: SHB Scott Robbins
|
0-0: Called Strike 0-1: Fly out, F8 (Flyball, 8LD, EV 88.1 MPH)
|
Top of the 6th over - 0 runs, 0 hits, 0 errors, 0 left on base; Vancouver 2 - Los Angeles (NYP) 0 |
BOTTOM OF THE 6TH |
Los Angeles (NYP) Angels batting - Pitching for Vancouver Canadians : RHP John York
|
Batting: LHB Edgar van der Meeren
|
0-0: Called Strike 0-1: Ball 1-1: Called Strike 1-2: Foul Ball, location: 2F 1-2: Foul Ball, location: 2F 1-2: Foul Ball, location: 2F 1-2: Foul Ball, location: 2F 1-2: Foul Ball, location: 2F 1-2: Ball 2-2: Strikes out swinging
|
Pitching: RHP Miguel Martinez
|
|
Batting: RHB Nick Lombardo
|
0-0: Foul Ball, location: 2F 0-1: Swinging Strike 0-2: Strikes out looking
|
Batting: RHB Ricky Mejicanos
|
0-0: Ball 1-0: Ground out 5-3 (Groundball, 56, EV 90.6 MPH)
|
Bottom of the 6th over - 0 runs, 0 hits, 0 errors, 0 left on base; Vancouver 2 - Los Angeles (NYP) 0 |
TOP OF THE 7TH |
Vancouver Canadians batting - Pitching for Los Angeles (NYP) Angels : RHP Tim Mumpower
|
Batting: RHB Ricky Carbajal
|
0-0: Ball 1-0: Hit by Pitch
|
Batting: RHB Dan Hilyer
|
0-0: Bunted foul 0-1: Called Strike 0-2: SINGLE (Groundball, 34, EV 104.4 MPH) Ricky Carbajal to second Runner from 2nd tries for 3rd, SAFE, throw by RF made to third
|
Batting: RHB Luis Vargas
|
0-0: Called Strike Dan Hilyer steals 2nd base 0-1: Ball 1-1: Foul Ball, location: 2F 1-2: Strikes out swinging
|
Batting: RHB Kennet Strijbis
|
0-0: Ball 1-0: Ball 2-0: Ball 3-0: Called Strike 3-1: Base on Balls
|
Batting: RHB Carlos Renteria
|
0-0: Ball 1-0: Grounds into fielders choice 6-2 (Groundball, 6, EV 103.1 MPH) Dan Hilyer to third Kennet Strijbis to second
|
Batting: RHB Nikita Schram
|
0-0: Ball 1-0: Called Strike 1-1: Ball 2-1: Called Strike 2-2: Ball 3-2: Foul Ball, location: 2F 3-2: Foul Ball, location: 2F 3-2: Base on Balls Dan Hilyer scores Kennet Strijbis to third Carlos Renteria to second
|
Batting: LHB Devin Huber
|
0-0: Ball 1-0: Swinging Strike 1-1: Ball 2-1: Swinging Strike 2-2: Strikes out looking
|
Top of the 7th over - 1 run, 1 hit, 0 errors, 3 left on base; Vancouver 3 - Los Angeles (NYP) 0 |
BOTTOM OF THE 7TH |
Los Angeles (NYP) Angels batting - Pitching for Vancouver Canadians : RHP Miguel Martinez
|
Batting: LHB Dave Hicks
|
0-0: Called Strike 0-1: Swinging Strike 0-2: Ball 1-2: Ball 2-2: DOUBLE (Line Drive, 78XD, EV 103.1 MPH)
|
Batting: LHB Mutsuo IIda
|
0-0: Swinging Strike 0-1: Ground out 4-3 (Groundball, 4, EV 91.9 MPH) Dave Hicks to third
|
Batting: RHB T.J. Gray
|
0-0: Called Strike 0-1: Ball 1-1: Ground out 6-3 (Groundball, 6S, EV 62.5 MPH) Dave Hicks scores
|
Batting: RHB Dean LeCroy
|
0-0: Foul Ball, location: 2F 0-1: Foul Ball, location: 2F 0-2: Strikes out swinging
|
Bottom of the 7th over - 1 run, 1 hit, 0 errors, 0 left on base; Vancouver 3 - Los Angeles (NYP) 1 |
TOP OF THE 8TH |
Vancouver Canadians batting - Pitching for Los Angeles (NYP) Angels : RHP Tim Mumpower
|
Batting: RHB Elliot Manfredini
|
0-0: Foul Ball, location: 2F 0-1: Swinging Strike 0-2: Ball 1-2: DOUBLE (Line Drive, 89D, EV 108.1 MPH)
|
Pitching: LHP Tyler MacLean
|
|
Batting: SHB Scott Robbins
|
0-0: Foul Ball, location: 2F 0-1: Foul Ball, location: 2F 0-2: Ball 1-2: Ball 2-2: Ground out 6-3 (Groundball, 6M, EV 85.6 MPH) Elliot Manfredini to third
|
Batting: RHB Ricky Carbajal
|
0-0: Ball Passed Ball! Elliot Manfredini scores 1-0: Ball 2-0: Called Strike 2-1: Ball 3-1: Fly out, F9 (Flyball, 9LSF, EV 87.5 MPH)
|
Batting: RHB Dan Hilyer
|
0-0: Called Strike 0-1: Foul Ball, location: 2F 0-2: Ball 1-2: Strikes out swinging
|
Top of the 8th over - 1 run, 1 hit, 0 errors, 0 left on base; Vancouver 4 - Los Angeles (NYP) 1 |
BOTTOM OF THE 8TH |
Los Angeles (NYP) Angels batting - Pitching for Vancouver Canadians : RHP Miguel Martinez
|
Batting: SHB Tim Connell
|
0-0: Ball 1-0: DOUBLE (Line Drive, 7LM, EV 106.9 MPH)
|
Batting: RHB Khalil Thurston
|
0-0: Ball 1-0: Foul Ball, location: 2F 1-1: Ball 2-1: Ball 3-1: Foul Ball, location: 2F 3-2: Strikes out swinging
|
Batting: LHB Edgar van der Meeren
|
0-0: Ball 1-0: Called Strike 1-1: Ball 2-1: Ball 3-1: Called Strike 3-2: Base on Balls
|
Batting: RHB Nick Lombardo
|
0-0: Ball 1-0: Called Strike 1-1: Fly out, F8 (Flyball, 8LS, EV 84.4 MPH)
|
Batting: RHB Ricky Mejicanos
|
0-0: Swinging Strike 0-1: Foul Ball, location: 2F 0-2: Strikes out swinging
|
Bottom of the 8th over - 0 runs, 1 hit, 0 errors, 2 left on base; Vancouver 4 - Los Angeles (NYP) 1 |
TOP OF THE 9TH |
Vancouver Canadians batting - Pitching for Los Angeles (NYP) Angels : LHP Tyler MacLean
|
Pinch Hitting: RHB Paul Healy
|
0-0: Ball 1-0: Ball 2-0: Called Strike 2-1: Foul Ball, location: 2F 2-2: Ball 3-2: Foul Ball, location: 2F 3-2: Foul Ball, location: 2F 3-2: Foul Ball, location: 2F 3-2: Hit by Pitch
|
Batting: RHB Kennet Strijbis
|
0-0: Bunt missed! 0-1: Bunt missed! 0-2: Strikes out swinging
|
Batting: RHB Carlos Renteria
|
0-0: Grounds out, U3 (Groundball, 3L, EV 91.9 MPH)
|
Batting: RHB Nikita Schram
|
0-0: Called Strike 0-1: Ball 1-1: SINGLE (Groundball, 6MD, EV 98.1 MPH) Paul Healy to third Runner from 3rd tries for Home, SAFE, throw by CF to home Nikita Schram to second
|
Pitching: RHP Troy Ingram
|
|
Batting: LHB Devin Huber
|
0-0: Ball 1-0: Foul Ball, location: 2F 1-1: Foul Ball, location: 2F 1-2: Ground out 3-1 (Groundball, 34, EV 86.2 MPH)
|
Top of the 9th over - 1 run, 1 hit, 0 errors, 1 left on base; Vancouver 5 - Los Angeles (NYP) 1 |
BOTTOM OF THE 9TH |
Los Angeles (NYP) Angels batting - Pitching for Vancouver Canadians : RHP Miguel Martinez
|
Pitching: RHP Danny Cervantes
|
|
Now at C: David Cooper
|
|
Batting: LHB Dave Hicks
|
0-0: TRIPLE (Groundball, 3L, EV 100.6 MPH)
|
Batting: LHB Mutsuo IIda
|
0-0: Ball Wild Pitch! Dave Hicks scores 1-0: Swinging Strike 1-1: Called Strike 1-2: Strikes out looking
|
Batting: RHB T.J. Gray
|
0-0: Called Strike 0-1: Ball 1-1: Swinging Strike 1-2: Ball 2-2: Ball 3-2: Foul Ball, location: 2F 3-2: Strikes out swinging
|
Batting: RHB Dean LeCroy
|
0-0: Called Strike 0-1: Foul Ball, location: 2F 0-2: Ball 1-2: Strikes out swinging
|
Bottom of the 9th over - 1 run, 1 hit, 0 errors, 0 left on base; Vancouver 5 - Los Angeles (NYP) 2 |
|